 Dungeon Crawl Stone Soup version 0.27-a0-1113-gb2b6fe9c5e (console) character file.

Game seed: 5063690089638498386

20552 Gather the Transmogrifier (level 12, 0/88 HPs)
             Began as an Octopode Transmuter on Apr 27, 2021.
             Was a Priest of Sif Muna.
             Slain by a seven-headed hydra (9 damage)
             ... on level 3 of the Lair of Beasts on May 1, 2021.
             The game lasted 02:23:02 (27368 turns).

Gather the Transmogrifier (Octopode Transmuter)    Turns: 27368, Time: 02:23:02

Health: 0/88       AC: 11    Str:  9    XL:     12   Next: 80%
Magic:  17/27      EV: 13    Int: 18    God:    Sif Muna [***...]
Gold:   749        SH:  0    Dex: 21    Spells: 0/19 levels left

rFire    . . .     SeeInvis +     - Unarmed
rCold    + + +     Faith    .   (shield currently unavailable)
rNeg     + . .     Spirit   .   (helmet currently unavailable)
rPois    +         Reflect  .   (no amulet)
rElec    .         Harm     .   m - +4 ring of protection
rCorr    .         Rampage  .   n - ring of poison resistance
Will     .....                  b - ring of positive energy
Stlth    ++++......             r - +6 ring of dexterity
HPRegen  0.24/turn              o - ring of see invisible
MPRegen  0.20/turn              v - ring of protection from fire
                                D - ring of magical power
                                (no ring)

@: ice-form, very slightly contaminated
A: freezing attack, boosted hp, almost no armour, amphibious, 8 rings, large,
(camouflage 1), (gelatinous body 1), (nimble swimmer 1), (tentacles)
a: End Transformation, Renounce Religion, Channel Magic, Forget Spell


You were on level 3 of the Lair of Beasts.
You worshipped Sif Muna.
Sif Muna was most pleased with you.
You were a creature of crystalline ice.
You visited 3 branches of the dungeon, and saw 15 of its levels.

You collected 818 gold pieces.
You spent 69 gold pieces at shops.

Inventory:

Hand Weapons
 u - a +4 dagger of venom (melded)
 E - a +0 hand crossbow
Missiles
 e - 45 poisoned darts (quivered)
 h - 337 stones
 x - 3 throwing nets
 F - 46 bolts
Magical Staves
 y - a staff of fire
Jewellery
 b - a ring of positive energy (on tentacle)
 m - a +4 ring of protection (left front paw)
 n - a ring of poison resistance (right front paw)
 o - a ring of see invisible (on tentacle)
 r - a +6 ring of dexterity (on tentacle)
 v - a ring of protection from fire (on tentacle)
 D - a ring of magical power (on tentacle)
Wands
 g - a wand of digging (22)
 q - a wand of iceblast (13)
 s - a wand of flame (42)
 w - a wand of mindburst (3)
 H - a wand of paralysis (6)
Scrolls
 a - 6 scrolls of teleportation
 c - 6 scrolls of enchant weapon
 d - a scroll of enchant armour
 i - a scroll of amnesia
 B - 3 scrolls of identify
 I - a scroll of brand weapon
Potions
 f - 2 potions of magic
 j - 5 potions of attraction
 l - 4 potions of flight
 p - a potion of might
 t - a potion of haste
 z - 3 potions of mutation
 A - a potion of curing
 C - a potion of cancellation
 G - a potion of ambrosia {unknown}


   Skills:
 + Level 4.0 Fighting
 + Level 5.9 Dodging
 - Level 7.5 Stealth
 + Level 9.5 Unarmed Combat
 - Level 4.3 Spellcasting
 - Level 7.0 Summonings
 - Level 2.0 Translocations
 - Level 10.2 Transmutations
 - Level 9.1 Ice Magic
 - Level 3.0 Poison Magic
 - Level 3.9 Invocations
 - Level 3.1 Evocations


You couldn't memorise any spells.
You knew the following spells:

 Your Spells              Type           Power      Damage    Failure   Level
a - Beastly Appendage     Tmut           80%        N/A       1%          1
b - Blink                 Tloc           N/A        N/A       10%         2
c - Call Imp              Summ           29%        N/A       1%          2
h - Hydra Form            Tmut           20%        N/A       6%          5
i - Ice Form              Ice/Tmut       38%        N/A       2%          4
w - Wereblood             Tmut           40%        N/A       1%          2
x - Spider Form           Tmut/Pois      13%        N/A       2%          3

Your spell library contained the following spells:

 Spells                   Type           Power      Damage    Failure   Level
 Summon Small Mammal      Summ           100%       N/A       1%          1
 Apportation              Tloc           22%        N/A       6%          1
 Animate Skeleton         Necr           6%         N/A       14%         1
 Corona                   Hex            3%         N/A       14%         1
 Magic Dart               Conj           12%        1d3       14%         1
 Gell's Gravitas          Tloc           5%         N/A       19%         3
 Lesser Beckoning         Tloc           5%         N/A       19%         3
 Teleport Other           Tloc           11%        N/A       19%         3
 Slow                     Hex            3%         N/A       22%         2
 Mephitic Cloud           Conj/Pois/Air  7%         N/A       28%         3
 Conjure Flame            Conj/Fire      3%         6-21      41%         3
 Manifold Assault         Tloc           11%        N/A       87%         5


Dungeon Overview and Level Annotations

Branches:
Dungeon (9/15)             Temple (1/1) D:7            Lair (5/6) D:8
  Swamp (0/4) Lair:3       Spider (0/4) Lair:2
  Slime: Lair:5-6       Orc: D:9-12

Altars:
Cheibriados
Dithmenos
Elyvilon
Fedhas
Gozag
Hepliaklqana
Kikubaaqudgha
Makhleb
Nemelex Xobeh
Okawaru
Qazlal
Ru
Sif Muna
Trog
Uskayaw
Vehumet
Wu Jian
Xom
Yredelemnul
Zin

Shops:
D:3 (   D:9 *

Annotations:
D:3 3 runed translucent doors, anet's ghost, amateur GnWz; oxid's ghost, amateur DsBe
D:4 1 runed translucent door, Sickboy's ghost, novice DjFE
D:7 2 transporters


Innate Abilities, Weirdness & Mutations

You are a creature of crystalline ice.
You have a powerful freezing melee attack.
Your maximum health is increased.
Your armour is entirely melded.
You are incapable of wielding weapons or throwing items.
You cannot wear most types of armour.
You are amphibious.
You can wear up to eight rings at the same time.
((Your skin changes colour to match your surroundings (Stealth+).))
((Your rubbery body absorbs attacks. (AC +1, EV +1)))
((You are camouflaged near water. (Stealth+)))
((You have tentacles for arms and can constrict up to eight enemies at once.))


Message History

The seven-headed hydra bites you!
The seven-headed hydra bites you but does no damage.
The seven-headed hydra closely misses you.
The seven-headed hydra bites you! x3
The seven-headed hydra bites you but does no damage.
There is a stone staircase leading up here.
Casting: Ice Form (dangerous; 2% risk of failure)
Confirm with . or Enter, or press ? or * to list all spells.
You miscast Blink.
You are very lightly contaminated with residual magic.
Nothing appears to happen.
The seven-headed hydra bites you but does no damage.
The seven-headed hydra closely misses you.
The seven-headed hydra bites you! x2
* * * LOW HITPOINT WARNING * * *
The seven-headed hydra misses you.
The seven-headed hydra closely misses you.
The seven-headed hydra bites you.
* * * LOW HITPOINT WARNING * * *
Casting: Blink (safe; 10% risk of failure)
Confirm with . or Enter, or press ? or * to list all spells.
You blink.
Casting: Blink (safe; 10% risk of failure)
Confirm with . or Enter, or press ? or * to list all spells.
You blink.
Your magical contamination has completely faded away.
Casting: Blink (safe; 10% risk of failure)
Confirm with . or Enter, or press ? or * to list all spells.
You miscast Blink.
You are very lightly contaminated with residual magic.
Nothing appears to happen.
The seven-headed hydra bites you but does no damage. x2
The seven-headed hydra bites you!
* * * LOW HITPOINT WARNING * * *
The seven-headed hydra bites you but does no damage.
The seven-headed hydra barely misses you.
The seven-headed hydra bites you!
* * * LOW HITPOINT WARNING * * *
The seven-headed hydra bites you!
You die...

##♣♣≈≈≈≈≈≈≈≈P≈♣ ###.♣♣≈≈≈≈≈≈≈≈PP♣
#### ## ##...♣≈≈≈≈≈≈≈≈≈≈P♣ #..#
#. #....♣≈≈≈≈≈≈≈≈≈P≈♣ #.## #P
#P....≈≈≈≈≈≈≈≈≈≈≈♣ ##..## #*
##....P≈≈≈≈≈P≈P≈≈###....#
##....P≈≈≈≈≈≈≈≈≈≈≈###..##
#.....≈≈≈≈≈≈≈P≈≈≈≈##..##
##....≈≈≈≈P≈P≈≈≈≈≈###.##
###....P......P.≈P≈###..# ##
.#.............DY....#.#########.
.............§...................
♣..#.....###.#...................
♣♣#..♣P♣## #####.........##......
* ♣.♣♣♣♣## ##........###P...#
*♣♣♣♣.♣#.# #.........# ##...#
♣♣.♣≈...#### ##..<.....# #...#
♣..≈≈......# #........# #....
...≈≈≈♣#P..######.######## #...#
..≈≈≈≈♣#..........# ###.#
§♣≈≈≈≈♣#......#P### #...


You could see a seven-headed hydra.

Vanquished Creatures
  Harold (D:7)
  A hydra (Lair:1)
  A death yak (Lair:4)
  Pikel (D:6)
  Maurice (D:9)
  4 black mambas (Lair:1)
  Maggie (D:7)
  7 cane toads
  2 rime drakes
  3 komodo dragons
  A polar bear (Lair:3)
  A tyrant leech (Lair:3)
  A hornet (D:8)
  12 blink frogs
  Sigmund (D:6)
  8 yaks
  5 wyverns
  A basilisk (Lair:1)
  3 steam dragons
  Menkaure (D:7)
  2 swamp worms (Lair:3)
  2 acid dragons (D:8)
  Edmund (D:6)
  11 water moccasins
  2 hornet zombies
  Duvessa (D:7)
  A sky beast (D:7)
  An orc warrior (D:7)
  An ogre (D:5)
  A black bear (D:5)
  8 wolves
  2 centaurs
  A phantom (D:4)
  2 kobold brigands
  8 bullfrogs
  2 gnoll sergeants
  A scorpion (D:6)
  Dowan (D:7)
  14 killer bees
  3 wights (D:9)
  Crazy Yiuf (D:2)
  2 hounds
  2 jellies
  2 centaur zombies
  3 gnoll shamans
  An orc priest (D:8)
  A bullfrog skeleton (D:5)
  A centaur skeleton (D:5)
  4 iguanas
  3 orc wizards
  4 hell rats (Lair:4)
  A killer bee zombie (D:6)
  A hound skeleton (D:4)
  A howler monkey zombie (D:8)
  10 adders
  16 gnolls
  A howler monkey skeleton (D:7)
  An ufetubus (D:7)
  3 worms (D:2)
  A dart slug (D:1)
  13 orcs
  6 bats
  5 endoplasms
  4 giant cockroaches
  8 hobgoblins
  5 jackals
  15 kobolds
  5 quokkas
  10 ball pythons
  5 frilled lizards
  6 goblins
  7 rats
269 creatures vanquished.

Vanquished Creatures (collateral kills)
  A komodo dragon (Lair:1)
  8 blink frogs
  2 yaks
  2 swamp worms (Lair:3)
  A water moccasin (Lair:3)
  A wolf (Lair:2)
15 creatures vanquished.

Vanquished Creatures (others)
  2 orcs (D:8)
  A butterfly (D:7)
  33 fungi
  29 plants
  6 withered plants (D:3)
71 creatures vanquished.

Grand Total: 355 creatures vanquished

Notes
Turn   | Place    | Note
-------+----------+-------------------------------------------
     0 | D:1      | Gather the Octopode Transmuter began the quest for the Orb.
     0 | D:1      | Reached XP level 1. HP: 13/13 MP: 3/3
   408 | D:1      | Reached XP level 2. HP: 18/18 MP: 3/5
  1015 | D:1      | Reached XP level 3. HP: 23/23 MP: 6/6
  1019 | D:1      | Learned a level 3 spell: Spider Form
  1538 | D:2      | Reached skill level 3 in Transmutations
  1571 | D:2      | Reached XP level 4. HP: 26/28 MP: 5/7
  2071 | D:2      | Found a burning altar of Makhleb.
  2436 | D:2      | Found a runed translucent door.
  2498 | D:2      | Noticed Crazy Yiuf
  2508 | D:2      | Killed Crazy Yiuf
  2509 | D:2      | Reached skill level 4 in Transmutations
  2509 | D:2      | Reached XP level 5. HP: 14/33 MP: 5/8
  3360 | D:3      | Found a blossoming altar of Fedhas.
  3627 | D:3      | Found a shimmering altar of Xom.
  4146 | D:3      | Found a radiant altar of Vehumet.
  4173 | D:3      | Found Zyenoi's Antique Weapon Shoppe.
  4348 | D:3      | Found a runed translucent gate.
  4349 | D:3      | Found a runed translucent gate.
  4349 | D:3      | Found a runed translucent gate.
  4350 | D:3      | Noticed anet's ghost (amateur GnWz)
  4351 | D:3      | Noticed oxid's ghost (amateur DsBe)
  5013 | D:4      | Reached skill level 1 in Stealth
  5088 | D:4      | Noticed a phantom
  5276 | D:4      | Reached skill level 1 in Poison Magic
  5276 | D:4      | Reached XP level 6. HP: 35/38 MP: 7/9
  5538 | D:4      | Found a runed translucent door.
  5539 | D:4      | Noticed Sickboy's ghost (novice DjFE)
  6289 | D:4      | Reached XP level 7. HP: 39/43 MP: 10/10
  6383 | D:5      | Entered Level 5 of the Dungeon
  6512 | D:5      | Found a shimmering blue altar of Sif Muna.
  6733 | D:5      | Found a hide-covered altar of Uskayaw.
  6743 | D:5      | Became a worshipper of Sif Muna the Loreminder
  7009 | D:5      | Found a burning altar of Makhleb.
  7155 | D:5      | Reached skill level 5 in Dodging
  7656 | D:6      | Noticed Sigmund
  7744 | D:6      | Reached skill level 1 in Evocations
  7864 | D:6      | Noticed Pikel
  7941 | D:6      | Noticed Edmund
  7990 | D:6      | Killed Edmund
  7991 | D:6      | Reached skill level 5 in Transmutations
  7991 | D:6      | Reached XP level 8. HP: 35/50 MP: 9/11
  8660 | D:7      | Learned a level 4 spell: Ice Form
  8687 | D:7      | Noticed a wyvern
  8947 | D:6      | Killed Sigmund
  8948 | D:6      | Reached skill level 1 in Ice Magic
  9076 | D:7      | Found a transporter.
  9102 | D:6      | Reached skill level 5 in Unarmed Combat
  9316 | D:6      | Killed Pikel
  9317 | D:6      | Reached skill level 6 in Transmutations
  9317 | D:6      | Reached XP level 9. HP: 35/54 MP: 4/12
  9584 | D:6      | Learned a level 2 spell: Blink
  9695 | D:7      | Noticed Dowan
  9698 | D:7      | Noticed Duvessa
  9699 | D:7      | Noticed Menkaure
  9701 | D:7      | Noticed Harold
 10108 | D:7      | Noticed a skeletal warrior
 10111 | D:7      | Noticed a two-headed ogre
 10139 | D:7      | Noticed a manticore
 10146 | D:7      | Found a transporter.
 10175 | D:6      | Reached * piety under Sif Muna
 10320 | D:7      | Reached skill level 7 in Transmutations
 10389 | D:7      | Noticed Maggie
 10402 | D:7      | Reached skill level 1 in Invocations
 10442 | D:7      | Killed Maggie
 10443 | D:7      | Reached skill level 1 in Translocations
 10620 | D:7      | Found a sacrificial altar of Ru.
 10661 | D:7      | Killed Harold
 10662 | D:7      | Reached skill level 5 in Stealth
 10662 | D:7      | Reached skill level 5 in Ice Magic
 10662 | D:7      | Reached XP level 10. HP: 60/60 MP: 8/13
 10743 | D:7      | Found a staircase to the Ecumenical Temple.
 10755 | Temple   | Entered the Ecumenical Temple
 10923 | D:7      | Killed Dowan
 11010 | D:7      | Killed Duvessa
 11345 | D:7      | Upgraded the game from 0.27-a0-1087-gf39c287674 to
                  | 0.27-a0-1099-g7f87ac42b0
 11379 | D:7      | Killed Menkaure
 11618 | D:7      | Found a white marble altar of Elyvilon.
 12078 | D:8      | Found a staircase to the Lair.
 12713 | D:7      | Upgraded the game from 0.27-a0-1099-g7f87ac42b0 to
                  | 0.27-a0-1105-g946c659c87
 12910 | D:8      | Learned a level 2 spell: Wereblood
 14052 | D:8      | Found a glowing silver altar of Zin.
 14054 | D:8      | Found an opulent altar of Gozag.
 14521 | D:9      | Reached ** piety under Sif Muna
 14570 | D:9      | Noticed Maurice
 14583 | D:9      | Killed Maurice
 15241 | D:9      | Found Jotaoschaoqi's Assorted Antiques.
 15244 | D:9      | Bought a potion of curing for 69 gold pieces
 15958 | D:9      | Reached XP level 11. HP: 67/68 MP: 14/14
 15999 | D:9      | Noticed an eight-headed hydra
 16021 | D:9      | Learned a level 2 spell: Call Imp
 16151 | Lair:1   | Entered Level 1 of the Lair of Beasts
 16472 | Lair:1   | You fall into a shaft and drop 1 floor!
 16709 | Lair:1   | Reached skill level 5 in Summonings
 16733 | Lair:1   | Noticed a four-headed hydra
 16943 | Lair:1   | Killed a four-headed hydra
 17918 | Lair:1   | Reached skill level 8 in Transmutations
 19655 | Lair:2   | Found a hole to the Spider Nest.
 20170 | Lair:1   | Reached XP level 12. HP: 49/74 MP: 10/16
 20880 | Lair:1   | Reached skill level 9 in Transmutations
 21501 | Lair:2   | Found a radiant altar of Vehumet.
 21622 | Lair:2   | HP: 2/133 [cane toad (25)]
 22188 | Lair:3   | Learned a level 5 spell: Hydra Form
 22251 | Lair:3   | Reached *** piety under Sif Muna
 22624 | Lair:3   | You fall into a shaft and drop 2 floors!
 22930 | Lair:4   | Found a gate leading to a gauntlet.
 23832 | Lair:3   | Reached skill level 10 in Transmutations
 23933 | Lair:3   | Noticed a five-headed hydra
 25900 | Lair:4   | Noticed a death yak
 25900 | Lair:4   | Noticed a death yak
 25900 | Lair:4   | Noticed a death yak
 25976 | Lair:4   | Noticed a death yak
 25976 | Lair:4   | Noticed a death yak
 25976 | Lair:4   | Noticed a death yak
 26027 | Lair:4   | Killed a death yak
 26857 | Lair:3   | Noticed a seven-headed hydra
 27349 | Lair:2   | Upgraded the game from 0.27-a0-1105-g946c659c87 to
                  | 0.27-a0-1113-gb2b6fe9c5e
 27368 | Lair:3   | Slain by a seven-headed hydra

Illustrated notes

Levels and vault maps discovered:
D:1:      dpeg_arrival_shelter, layout_basic
D:2:      layout_basic, basic_altar, uniq_crazy_yiuf_cottage
D:3:      layout_basic, lemuel_tele_altar, fiery_altar_vehumet, fedhas_altar_1,
          serial_shops, shop, gammafunk_ghost_cemetery, st_stairs_3
D:4:      layout_loops_ring, ebering_ghost_sewer_d
D:5:      layout_basic, kennysheep_little_box, overflow_temple_1_default,
          old_standard_altar, serial_curves, eino_curves_04, eino_curves_02,
          eino_curves_02, eino_curves_03, minmay_misc_feat_x,
          hangedman_decor_slide_cut
D:6:      layout_cave_pools, uniq_sigmund, uniq_edmund, uniq_pikel
D:7:      layout_gridville, nicolae_elyvilon_peaceful_grove,
          gammafunk_temple_overflow_arena, lemuel_temple_firewalk_b,
          uniq_harold, uniq_menkaure, uniq_duvessa, uniq_maggie
D:8:      layout_basic, grunt_temple_overflow_gold_and_silver,
          dpeg_oklobed_lair, minmay_starry_boxes
D:9:      layout_gridville, serial_shops, nicolae_shop_behind_doors,
          uniq_maurice
Temple:   compressed_dpeg_circular_temple
Lair:1:   layout_loops_ring
Lair:2:   layout_roguey, dummy_spider_entry, basic_altar
Lair:3:   layout_small_grid, palyth_hydra_swamp_entry, serial_bayou_shore_a
Lair:4:   layout_big_grid, gauntlet_entry_generic
Lair:5:   layout_big_grid, dpeg_slime_entry_enclosed_altar,
          nicolae_volcano_entry_batcave, guppyfry_lair_drakes

Skill      XL: |  1  2  3  4  5  6  7  8  9 10 11 12 |
---------------+-------------------------------------+-----
Unarmed Combat | 4 5 7 8 9 |  9.5
Transmutations | 3 4 5 6 7 8 10 | 10.2
Stealth        | 1 4 5 6 7 |  7.5
Poison Magic   | 1 3 |  3.0
Dodging        | 3 5 |  5.9
Evocations     | 1 2 3 |  3.1
Fighting       | 2 3 4 |  4.0
Ice Magic      | 3 5 7 8 9 |  9.1
Invocations    | 2 3 |  3.9
Translocations | 2 |  2.0
Summonings     | 6 7 |  7.0
Spellcasting   | 4 |  4.3

Action                   |  1- 3 |  4- 6 |  7- 9 | 10-12 || total
-------------------------+-------+-------+-------+-------++-------
Melee: Unarmed           |    64 |   151 |   193 |   530 ||   938
       Constrict         |    14 |    16 |     6 |     5 ||    41
       Kick              |    11 |    25 |    14 |     1 ||    51
       Tentacles         |     8 |    11 |     4 |     6 ||    29
       Punch             |     1 |     4 |     2 |       ||     7
       Dagger            |       |       |       |     6 ||     6
 Fire: Hand crossbow     |       |       |       |    27 ||    27
Throw: Stone             |       |     8 |       |       ||     8
       Dart              |       |       |       |     2 ||     2
 Cast: Beastly Appendage |    22 |    19 |     6 |     2 ||    49
       Spider Form       |       |    20 |    13 |       ||    33
       Ice Form          |       |       |    13 |   110 ||   123
       Wereblood         |       |       |       |     4 ||     4
       Blink             |       |       |       |     4 ||     4
       Call Imp          |       |       |       |   136 ||   136
       Hydra Form        |       |       |       |     4 ||     4
 Abil: End Transformatio |       |       |     1 |     4 ||     5
Evoke: Wand              |       |       |     2 |    22 ||    24
  Use: Scroll            |       |     8 |    10 |    14 ||    32
       Potion            |       |       |     1 |    12 ||    13
 Stab: Sleeping          |     4 |     3 |     4 |    11 ||    22
       Distracted        |       |       |       |     4 ||     4
Armor: Skin              |     6 |    15 |    34 |   151 ||   206
Dodge: Dodged            |    36 |    90 |   156 |   370 ||   652

Table legend: (Time is in decaauts)
 A = Elapsed time spent in this place.
 B = Non-inter-level travel time spent in this place.
 C = Inter-level travel time spent in this place.
 D = Time resting spent in this place.
 E = Time spent auto-exploring this place.
 F = Levels seen in this place.
 G = Mean time per level.
                   A        B        C        D        E       F      G
               +--------+--------+--------+--------+--------+-----+--------+
         Total |  27314 |  26532 |    782 |   8437 |  13051 |  15 | 1820.9 |
       Dungeon |  17008 |  16413 |    595 |   4529 |   9134 |   9 | 1889.8 |
        Temple |    120 |    102 |     18 |      0 |    101 |   1 |  120.0 |
          Lair |  10185 |  10017 |    168 |   3908 |   3816 |   5 | 2037.0 |
               +--------+--------+--------+--------+--------+-----+--------+

Top non-repeatable levels by time:
  Lair:1: 4063 daAuts
     D:8: 3358 daAuts
     D:7: 2902 daAuts
  Lair:2: 2593 daAuts
     D:2: 1994 daAuts
     D:6: 1819 daAuts
     D:3: 1804 daAuts
  Lair:3: 1798 daAuts
  Lair:4: 1676 daAuts
     D:5: 1347 daAuts
     D:1: 1295 daAuts
     D:4: 1277 daAuts
     D:9: 1209 daAuts
  Temple: 120 daAuts
  Lair:5: 54 daAuts
